 Dungeon Crawl Stone Soup version 0.28.0-1-gb440e238dd (webtiles) character file.

Game seed: 5861285896459437772

5357 bromine the Cruncher (level 10, -3/92 HPs)
             Began as a Deep Dwarf Berserker on Feb 24, 2022.
             Was a Believer of Trog.
             Slain by a yak (4 damage)
             ... on level 10 of the Dungeon.
             The game lasted 00:40:27 (7255 turns).

bromine the Cruncher (Deep Dwarf Berserker)         Turns: 7255, Time: 00:40:27

Health: -3/92      AC: 17    Str: 23    XL:     10   Next: 39%
Magic:  1/1        EV:  8    Int: 10    God:    Trog [**....]
Gold:   346        SH:  0    Dex: 18    Spells: 9/9 levels left

rFire   . . .      SeeInvis .   n - +5 quarterstaff (elec)
rCold   . . .      Faith    .   (shield currently unavailable)
rNeg    . . .      Spirit   .   f - +3 plate armour
rPois   .          Reflect  .   (no helmet)
rElec   .          Harm     .   (no cloak)
rCorr   .          Rampage  .   (no gloves)
Will    +....                   (no boots)
Stlth   ..........              (no amulet)
HPRegen 0.00/turn               g - +6 ring of dexterity
MPRegen 0.07/turn               (no ring)

@: about to teleport, on berserk cooldown, slowed, studying Short Blades, very
slow
A: damage resistance, heal wounds, sense surroundings 2, no regeneration
a: Heal Wounds, Renounce Religion, Berserk, Trog's Hand


You were on level 10 of the Dungeon.
You worshipped Trog.
Trog was pleased with you.
You visited 2 branches of the dungeon, and saw 11 of its levels.

You collected 346 gold pieces.

Inventory:

Hand Weapons
 a - a +0 hand axe
 d - a +0 long sword
 h - a +2 flail of protection
 j - a +0 arbalest
 n - a +5 quarterstaff of electrocution (weapon)
 x - a +2 scimitar of flaming
Armour
 b - a +0 animal skin
 f - a +3 plate armour (worn)
Jewellery
 g - a +6 ring of dexterity (left hand)
Wands
 i - a wand of polymorph (7)
 m - a wand of flame (10)
 u - a wand of mindburst (17)
Scrolls
 k - a scroll of magic mapping
 p - a scroll of fear
 q - a scroll of vulnerability
 r - 2 scrolls of fog
 s - a scroll of enchant weapon
 t - a scroll of amnesia
 v - 2 scrolls of identify
 y - a scroll of silence
 z - a scroll of torment
 C - a scroll of blinking
Potions
 c - 4 potions of degeneration
 e - a potion of attraction
 l - 2 potions of curing
 o - 2 potions of heal wounds
 w - 2 potions of cancellation
 B - 2 potions of might {unknown}
 D - 2 potions of haste {unknown}


   Skills:
 + Level 6.5 Fighting
 + Level 3.1 Long Blades
 + Level 4.0(4.2) Axes
 + Level 1.1(7.1) Maces & Flails
 + Level 9.6 Staves
 + Level 9.2 Armour
 + Level 2.8 Dodging
 + Level 1.1 Stealth


You had 9 spell levels left.
You didn't know any spells.
Your spell library contained the following spells:

 Spells                   Type           Power      Damage    Failure   Level
 Magic Dart               Conj           0%         1d3       99%         1
 Call Imp                 Summ           0%         N/A       100%        2
 Mephitic Cloud           Conj/Pois/Air  0%         N/A       100%        3


Dungeon Overview and Level Annotations

Branches:
Dungeon (10/15)            Temple (1/1) D:6            Lair (0/6) D:8
    Orc: D:9-12

Altars:
Ashenzari
Cheibriados
Dithmenos
Elyvilon
Fedhas
Gozag
Hepliaklqana
Kikubaaqudgha
Makhleb
Nemelex Xobeh
Okawaru
Qazlal
Ru
Sif Muna
Trog
Uskayaw
Vehumet
Wu Jian
Xom
Yredelemnul
Zin
The Shining One

Shops:
D:6 *   D:8 (


Innate Abilities, Weirdness & Mutations

You are resistant to damage.
You can heal yourself by infusing magical energy.
You passively map the area around you.
You do not regenerate.


Message History

You kill the kobold!
Trog accepts your kill. The kobold barely misses you.
The yak barely misses you. The shadow hits you. The yak gores you.
The yak gores you but does no damage. The kobold hits you but does no damage.
The yak gores you but does no damage.
You sock the centaur zombie!
The centaur zombie is heavily damaged.
The centaur zombie completely misses you.
The centaur zombie closely misses you. The yak gores you but does no damage.
The shadow hits you! The yak gores you. The centaur zombie hits you.
The centaur zombie kicks you but does no damage.
The kobold hits you but does no damage. The yak misses you.
You completely miss the centaur zombie.
The centaur zombie is heavily damaged.
The yak gores you but does no damage.
The shadow slips into darkness.
The shadow flickers and vanishes!
Deactivating autopickup; reactivate with Ctrl-A.
The yak gores you but does no damage.
The centaur zombie hits you but does no damage.
The centaur zombie closely misses you. The kobold barely misses you.
The yak gores you!
* * * LOW HITPOINT WARNING * * *
The yak gores you.
* * * LOW HITPOINT WARNING * * *
The shadow strikes at you from the darkness!
* * * LOW HITPOINT WARNING * * *
Reactivating autopickup.
The yak gores you but does no damage.
As you read the scroll of teleportation, it crumbles to dust.
You feel strangely unstable. The centaur zombie barely misses you.
The centaur zombie kicks you but does no damage.
The kobold barely misses you. The yak gores you!
* * * LOW HITPOINT WARNING * * *
The centaur zombie hits you but does no damage.
The centaur zombie kicks you but does no damage.
The yak gores you but does no damage. The shadow barely misses you.
The yak gores you but does no damage. The kobold hits you with a +0 dagger.
The yak gores you.
You die...

,,* , * , ,,* ,
#. , * , * * ,,
, *#. , * * * *
*, , #. , ,, *
* , * #. , , ,
,, , , ,*#. ,,
,, , , , #.
##### ,, * * #.
, ,, ##.YY## **
#. * , ,,
*#..)@Z# ,, *,
, #. , , ,
*#...KWY.#, ,,,
#. , ,
#..}.o..'...' ,
#. , ,
*#.......#...#,
#. , , ,
*##.....##...#
, #. , , ,
##...## ..# ,,
#. ,, * #####
,.# #. , , ,, *
.# , #. , , * *
, ,, #.


You could see 3 yaks, an orc warrior, a shadow, a centaur zombie and a kobold.

Vanquished Creatures
  Erica (D:8)
  A komodo dragon (D:8)
  A troll (D:9)
  Prince Ribbit (D:5)
  A shadow (D:9)
  3 yaks (D:10)
  A wraith (D:8)
  A steam dragon (D:8)
  Menkaure (D:4)
  An acid dragon (D:9)
  A water moccasin (D:8)
  2 orc warriors (D:8)
  A black bear (D:8)
  2 ice beasts
  A necrophage (D:5)
  An ogre (D:5)
  A phantom (D:2)
  4 centaurs
  3 kobold brigands
  4 bullfrogs
  A gnoll sergeant (D:7)
  2 wyvern zombies (D:7)
  2 water moccasin zombies
  4 killer bees (D:6)
  2 centaur zombies
  2 jellies
  5 orc priests
  A hound (D:5)
  Crazy Yiuf (D:3)
  2 bullfrog skeletons
  A centaur skeleton (D:4)
  5 iguanas
  3 orc wizards
  2 killer bee zombies
  A hound zombie (D:5)
  A hound skeleton (D:4)
  4 gnolls
  An adder (D:5)
  A howler monkey skeleton (D:6)
  A shadow imp (D:7)
  2 white imps
  An ufetubus (D:4)
  A worm (D:3)
  3 dart slugs
  30 orcs
  4 ball pythons (D:2)
  3 bats (D:2)
  8 endoplasms
  2 giant cockroaches (D:4)
  6 hobgoblins
  4 jackals (D:2)
  3 quokkas
  14 frilled lizards
  11 goblins
  18 kobolds
  6 rats
190 creatures vanquished.

Vanquished Creatures (collateral kills)
  An orc priest (D:8)
  3 orcs (D:7)
4 creatures vanquished.

Vanquished Creatures (others)
  A sky beast (D:8)
  3 fungi (D:3)
  10 plants
14 creatures vanquished.

Grand Total: 208 creatures vanquished

Notes
Turn   | Place    | Note
-------+----------+-------------------------------------------
     0 | D:1      | bromine the Deep Dwarf Berserker began the quest for the
                  | Orb.
     0 | D:1      | Reached XP level 1. HP: 20/20 MP: 1/1
    91 | D:1      | Reached XP level 2. HP: 18/27 MP: 2/2
   254 | D:1      | Reached XP level 3. HP: 34/34 MP: 2/2
   543 | D:2      | Reached ** piety under Trog
   852 | D:2      | Reached skill level 1 in Long Blades
  1109 | D:2      | Noticed a phantom
  1133 | D:2      | Killed a phantom
  1134 | D:2      | Reached XP level 4. HP: 38/42 MP: 3/3
  1134 | D:2      | Reached XP level 5. HP: 45/49 MP: 4/4
  1330 | D:3      | Reached *** piety under Trog
  1889 | D:3      | Found a runed translucent door.
  1890 | D:3      | Noticed Crazy Yiuf
  1898 | D:3      | Killed Crazy Yiuf
  1993 | D:4      | Found a stormy altar of Qazlal.
  2435 | D:4      | Found a broken altar of Ashenzari.
  2764 | D:4      | Noticed Menkaure
  2768 | D:4      | Reached skill level 1 in Staves
  2768 | D:4      | Reached XP level 6. HP: 56/56 MP: 5/5
  2772 | D:4      | Killed Menkaure
  2773 | D:4      | Reached skill level 1 in Maces & Flails
  3017 | D:5      | Entered Level 5 of the Dungeon
  3058 | D:5      | Reached XP level 7. HP: 62/62 MP: 5/5
  3197 | D:5      | Noticed Prince Ribbit
  3218 | D:5      | Killed Prince Ribbit
  3219 | D:5      | Reached skill level 5 in Armour
  3259 | D:5      | Reached **** piety under Trog
  3667 | D:6      | Reached XP level 8. HP: 67/73 MP: 6/6
  3713 | D:6      | Found a staircase to the Ecumenical Temple.
  3776 | D:6      | Reached skill level 5 in Staves
  3871 | D:6      | Identified the +6 whip "Laoploi" {venom, Fragile rElec rN+
                  | Will++}
  4065 | D:6      | Found Afful's Assorted Antiques.
  4316 | D:6      | Reached skill level 5 in Fighting
  4579 | Temple   | Entered the Ecumenical Temple
  4996 | D:7      | Found a hazy altar of Hepliaklqana.
  5204 | D:7      | Gained mutation: You passively map the area around you.
                  | [Deep Dwarf growth]
  5204 | D:7      | Reached XP level 9. HP: 64/81 MP: 4/4
  5351 | D:7      | Identified a scroll of acquirement
  5351 | D:7      | Acquired a manual of Short Blades
  5537 | D:8      | Noticed Erica
  5548 | D:8      | Killed Erica
  5549 | D:8      | Reached skill level 1 in Stealth
  5586 | D:8      | Found Liabyrim's Weapon Boutique.
  5957 | D:8      | Found a staircase to the Lair.
  5958 | D:8      | Noticed a komodo dragon
  5977 | D:8      | Killed a komodo dragon
  6173 | D:8      | Reached XP level 10. HP: 59/91 MP: 3/3
  6608 | D:9      | Found an iron altar of Okawaru.
  6757 | D:9      | Found a radiant altar of Vehumet.
  6793 | D:9      | Found a snail-covered altar of Cheibriados.
  6902 | D:9      | Found a shimmering altar of Xom.
  6915 | D:9      | Found a shimmering altar of Xom.
  6915 | D:9      | Found a shimmering altar of Xom.
  6916 | D:9      | Found a shimmering altar of Xom.
  6916 | D:9      | Found a shimmering altar of Xom.
  6917 | D:9      | Found a shimmering altar of Xom.
  6917 | D:9      | Found a shimmering altar of Xom.
  7012 | D:9      | Noticed a cane toad
  7041 | D:9      | Noticed a cane toad
  7041 | D:9      | a golden eye changed into a cane toad
  7135 | D:10     | Entered Level 10 of the Dungeon
  7255 | D:10     | HP: 1/92 [yak (7)]
  7255 | D:10     | Slain by a yak

Illustrated notes

Levels and vault maps discovered:
D:1:      elethiomel_arrival_quiet, layout_rooms, minmay_misc_feat_x,
          minmay_pentomino_z2
D:2:      layout_basic, chequers_garden, minmay_lizard_king
D:3:      layout_basic, uniq_crazy_yiuf_cottage
D:4:      cheibrodos_quashed, layout_basic, grunt_qazlal_sundering,
          ashenzari_conservatory_becter, dk_noncrumbling_4, uniq_menkaure
D:5:      layout_loops_ring, uniq_prince_ribbit1
D:6:      layout_gridville, minmay_temple_entry_waves, serial_shops, shop,
          grunt_decor_resistance
D:7:      layout_gridville, mainiacjoe_overflow_alcove_1
D:8:      layout_loops_cross, david_lair_shrubbed, serial_shops,
          nicolae_shop_bloodbath_and_beyond, grunt_ministairs_4,
          minmay_misc_feat_cross, grunt_decor_arrowhead, uniq_erica
D:9:      layout_cross, old_standard_altar, xom_shifter_show,
          kennysheep_slug_shrine, mainiacjoe_overflow_cross_hatched
D:10:     kennysheep_six_static_rooms, layout_long_grid, enter_bailey_2,
          minmay_misc_feat_four_crosses, uniq_snorg
Temple:   minmay_freezing_vapour_temple

Skill      XL: |  1  2  3  4  5  6  7  8  9 10 |
---------------+-------------------------------+-----
Fighting       | 3 4 5 6 |  6.5
Axes           | 4 |  4.0
Long Blades    | 2 3 |  3.1
Armour         | 3 4 5 6 8 9 |  9.2
Staves         | 1 2 4 6 8 9 |  9.6
Maces & Flails | 1 |  1.1
Stealth        | 1 |  1.1
Dodging        | |  2.8

Action                   |  1- 3 |  4- 6 |  7- 9 | 10-12 || total
-------------------------+-------+-------+-------+-------++-------
Melee: Hand axe          |    36 |       |       |       ||    36
       Long sword        |   123 |    26 |       |       ||   149
       Punch             |     2 |     2 |       |       ||     4
       Quarterstaff      |       |    54 |   236 |    76 ||   366
       Flail             |       |    30 |       |       ||    30
Invok: Berserk           |     1 |     2 |     4 |     1 ||     8
       Brothers in Arms  |       |       |     2 |       ||     2
       Trog's Hand       |       |       |       |    24 ||    24
 Abil: Heal Wounds       |     3 |     3 |    13 |     2 ||    21
  Use: Scroll            |     3 |     9 |     7 |     3 ||    22
       Potion            |       |       |       |     2 ||     2
 Stab: Sleeping          |     1 |       |       |       ||     1
Armor: Animal skin       |     3 |       |       |       ||     3
       Plate armour      |   259 |    75 |   200 |   130 ||   664
Dodge: Dodged            |   132 |    34 |   114 |    53 ||   333
